BR (22 & UNDER)
PUNTA CANA HUTIAS @ GILBERT FIRE FIGHTERS
08/28/2028
 
TOP OF THE 1ST
Punta Cana Hutias batting - Pitching for Gilbert Fire Fighters : RHP Ángel Rodríguez
Pitching: RHP Ángel Rodríguez
Batting: RHB Argan Kamuliva 0-0: Swinging Strike
0-1: Ball
1-1: Ball
2-1: Called Strike
2-2: Ball
3-2: Strikes out swinging
Batting: LHB Dave Watkins 0-0: Called Strike
0-1: Ball
1-1: Ball
2-1: Swinging Strike
2-2: Ball
3-2: Fly out, F6 (Popup, 6MS)
Batting: RHB Mike Martínez 0-0: Ball
1-0: Fly out, F8 (Flyball, 89M)
Top of the 1st over - 0 run(s), 0 hit(s), 0 error(s), 0 left on base; Punta Cana 0 - Gilbert 0
BOTTOM OF THE 1ST
Gilbert Fire Fighters batting - Pitching for Punta Cana Hutias : RHP Nick Davis
Pitching: RHP Nick Davis
Batting: RHB Ramón Maldonado 0-0: Called Strike
0-1: Bunt for hit - play at first, batter safe!
Batting: RHB John Field 0-0: Ball
Ramón Maldonado is caught stealing 2nd base
1-0: Foul Ball, location: 2F
1-1: Called Strike
1-2: Ball
2-2: Ball
3-2: Foul Ball, location: 2F
3-2: Strikes out looking
Batting: SHB José Salazar 0-0: Ground out 1-3 (Groundball, 13S)
Bottom of the 1st over - 0 run(s), 1 hit(s), 0 error(s), 0 left on base; Punta Cana 0 - Gilbert 0
TOP OF THE 2ND
Punta Cana Hutias batting - Pitching for Gilbert Fire Fighters : RHP Ángel Rodríguez
Batting: RHB Ricardo Murillo 0-0: Foul Ball, location: 2F
0-1: Fly out, F6 (Popup, 4MD)
Batting: RHB Vicente Rosales 0-0: Ball
1-0: Ball
2-0: Ball
3-0: Base on Balls
Batting: LHB Luis Martínez 0-0: Foul Ball, location: 2F
0-1: Foul Ball, location: 2F
0-2: Ball
1-2: Foul Ball, location: 2F
1-2: Ball
2-2: Strikes out looking
Batting: RHB Marcus Pittman 0-0: Ball
1-0: Fly out, F4 (Line Drive, 34)
Top of the 2nd over - 0 run(s), 0 hit(s), 0 error(s), 1 left on base; Punta Cana 0 - Gilbert 0
BOTTOM OF THE 2ND
Gilbert Fire Fighters batting - Pitching for Punta Cana Hutias : RHP Nick Davis
Batting: RHB Bill Salinas 0-0: Called Strike
0-1: Ball
1-1: Ball
2-1: Ground out 3-1 (Groundball, 34S)
Batting: LHB Matt Moore 0-0: Fly out, F8 (Flyball, 8LS)
Batting: RHB Iván Romero 0-0: Foul Ball, location: 2F
0-1: Ball
1-1: Ground out 2-3 (Groundball, 2L)
Bottom of the 2nd over - 0 run(s), 0 hit(s), 0 error(s), 0 left on base; Punta Cana 0 - Gilbert 0
TOP OF THE 3RD
Punta Cana Hutias batting - Pitching for Gilbert Fire Fighters : RHP Ángel Rodríguez
Batting: SHB José Ayala 0-0: Ball
1-0: Called Strike
1-1: Ball
2-1: Called Strike
2-2: Ball
3-2: Strikes out looking
Batting: RHB Stephen Welshman 0-0: Ball
1-0: Ball
2-0: Ball
3-0: Called Strike
3-1: Fly out, F8 (Flyball, 8RD)
Batting: RHB Argan Kamuliva 0-0: Ground out 5-3 (Groundball, 5)
Top of the 3rd over - 0 run(s), 0 hit(s), 0 error(s), 0 left on base; Punta Cana 0 - Gilbert 0
BOTTOM OF THE 3RD
Gilbert Fire Fighters batting - Pitching for Punta Cana Hutias : RHP Nick Davis
Batting: RHB Jesús Acosta 0-0: Ball
1-0: Ball
2-0: Foul Ball, location: 2F
2-1: Swinging Strike
2-2: Strikes out looking
Batting: RHB Alfonso Santiago 0-0: Ball
1-0: Fly out, F9 (Flyball, 9)
Batting: RHB Robbie Hopps 0-0: Called Strike
0-1: Ground out 5-3 (Groundball, 5)
Bottom of the 3rd over - 0 run(s), 0 hit(s), 0 error(s), 0 left on base; Punta Cana 0 - Gilbert 0
TOP OF THE 4TH
Punta Cana Hutias batting - Pitching for Gilbert Fire Fighters : RHP Ángel Rodríguez
Batting: LHB Dave Watkins 0-0: Foul Ball, location: 2F
0-1: Foul Ball, location: 2F
0-2: Strikes out swinging
Batting: RHB Mike Martínez 0-0: Foul Ball, location: 2F
0-1: Fly out, F4 (Popup, 4)
Batting: RHB Ricardo Murillo 0-0: Ball
1-0: Ground out 5-3 (Groundball, 56S)
Top of the 4th over - 0 run(s), 0 hit(s), 0 error(s), 0 left on base; Punta Cana 0 - Gilbert 0
BOTTOM OF THE 4TH
Gilbert Fire Fighters batting - Pitching for Punta Cana Hutias : RHP Nick Davis
Batting: RHB Ramón Maldonado 0-0: Ball
1-0: Ball
2-0: Ball
3-0: Base on Balls
Batting: RHB John Field 0-0: Ball
1-0: Foul Ball, location: 2F
1-1: Foul Ball, location: 2F
1-2: SINGLE (Groundball, 25) (infield hit)
Ramón Maldonado to second
Batting: SHB José Salazar 0-0: Ground out U3 (Groundball, 34S)
Ramón Maldonado to third
John Field to second
Batting: RHB Bill Salinas 0-0: Ball
1-0: Called Strike
1-1: Ground out 4-3 (Groundball, 4)
Ramón Maldonado scores
John Field to third
Batting: LHB Matt Moore 0-0: Hit by Pitch
Batting: RHB Iván Romero 0-0: Ball
1-0: Fly out, F7 (Flyball, 7S)
Bottom of the 4th over - 1 run(s), 1 hit(s), 0 error(s), 2 left on base; Punta Cana 0 - Gilbert 1
TOP OF THE 5TH
Punta Cana Hutias batting - Pitching for Gilbert Fire Fighters : RHP Ángel Rodríguez
Batting: RHB Vicente Rosales 0-0: Called Strike
0-1: Ball
1-1: Swinging Strike
1-2: Ball
2-2: Strikes out swinging
Batting: LHB Luis Martínez 0-0: Ball
1-0: Called Strike
1-1: DOUBLE (Flyball, 78XD)
Batting: RHB Marcus Pittman 0-0: Ball
1-0: Foul Ball, location: 2F
1-1: Foul Ball, location: 2F
1-2: Foul Ball, location: 2F
1-2: Ground out 5-3 (Groundball, 56S)
Luis Martínez to third
Batting: SHB José Ayala 0-0: Called Strike
0-1: Ball
1-1: Foul Ball, location: 2F
1-2: Ball
2-2: SINGLE (Groundball, 4MD)
Luis Martínez scores
Batting: RHB Stephen Welshman 0-0: Ball
1-0: Foul Ball, location: 2F
1-1: Foul Ball, location: 2F
1-2: Ball
2-2: Foul Ball, location: 2F
2-2: Strikes out swinging
Top of the 5th over - 1 run(s), 2 hit(s), 0 error(s), 1 left on base; Punta Cana 1 - Gilbert 1
BOTTOM OF THE 5TH
Gilbert Fire Fighters batting - Pitching for Punta Cana Hutias : RHP Nick Davis
Batting: RHB Jesús Acosta 0-0: Foul Ball, location: 2F
0-1: Ball
1-1: Ball
2-1: Foul Ball, location: 2F
2-2: Ball
3-2: Strikes out swinging
Batting: RHB Alfonso Santiago 0-0: Ball
1-0: TRIPLE (Flyball, 8LD)
Batting: RHB Robbie Hopps 0-0: Foul Ball, location: 2F
0-1: Foul Ball, location: 2F
0-2: Strikes out swinging
Batting: RHB Ramón Maldonado 0-0: Ball
1-0: Ball
2-0: Called Strike
2-1: Foul Ball, location: 2F
2-2: SINGLE (Groundball, 34D)
Alfonso Santiago scores
Batting: RHB John Field 0-0: Called Strike
0-1: Called Strike
0-2: Fielders Choice at 2nd, 6-4 (Groundball, 6)
Bottom of the 5th over - 1 run(s), 2 hit(s), 0 error(s), 0 left on base; Punta Cana 1 - Gilbert 2
TOP OF THE 6TH
Punta Cana Hutias batting - Pitching for Gilbert Fire Fighters : RHP Ángel Rodríguez
Batting: RHB Argan Kamuliva 0-0: Ball
1-0: Called Strike
1-1: SINGLE (Groundball, 34S) (infield hit)
Pitching: RHP Edgardo Castillo
Batting: LHB Dave Watkins 0-0: Ball
1-0: Swinging Strike
1-1: Called Strike
1-2: Ball
2-2: Foul Ball, location: 2F
2-2: Strikes out swinging
Batting: RHB Mike Martínez 0-0: Ball
1-0: Swinging Strike
1-1: Foul Ball, location: 2F
1-2: Ball
2-2: Foul Ball, location: 2F
2-2: Fly out, F2 (Popup, 2R)
Batting: RHB Ricardo Murillo 0-0: Ball
1-0: Ball
2-0: Called Strike
2-1: Swinging Strike
2-2: Strikes out swinging
Top of the 6th over - 0 run(s), 1 hit(s), 0 error(s), 1 left on base; Punta Cana 1 - Gilbert 2
BOTTOM OF THE 6TH
Gilbert Fire Fighters batting - Pitching for Punta Cana Hutias : RHP Nick Davis
Batting: SHB José Salazar 0-0: Ball
1-0: Called Strike
1-1: Ball
2-1: Foul Ball, location: 2F
2-2: Fly out, F8 (Line Drive, 78M)
Batting: RHB Bill Salinas 0-0: Called Strike
0-1: Foul Ball, location: 2F
0-2: Ball
1-2: Ground out 1-3 (Groundball, 13S)
Batting: LHB Matt Moore 0-0: Ball
1-0: Foul Ball, location: 2F
1-1: Ball
2-1: Ball
3-1: Base on Balls
Batting: RHB Iván Romero 0-0: Called Strike
0-1: Ball
1-1: Ball
2-1: SINGLE (Groundball, 56D)
Matt Moore to second
Runner from 2nd tries for 3rd, SAFE, no throw
Batting: RHB Jesús Acosta 0-0: Ball
1-0: Swinging Strike
1-1: Swinging Strike
1-2: Ball
2-2: Foul Ball, location: 2F
2-2: Strikes out swinging
Bottom of the 6th over - 0 run(s), 1 hit(s), 0 error(s), 2 left on base; Punta Cana 1 - Gilbert 2
TOP OF THE 7TH
Punta Cana Hutias batting - Pitching for Gilbert Fire Fighters : RHP Edgardo Castillo
Batting: RHB Vicente Rosales 0-0: Ball
1-0: DOUBLE (Flyball, 89M)
Batting: LHB Luis Martínez 0-0: Called Strike
0-1: Swinging Strike
0-2: Foul Ball, location: 2F
0-2: Ball
1-2: Strikes out swinging
Batting: RHB Marcus Pittman 0-0: Called Strike
0-1: Swinging Strike
0-2: Fly out, F3 (Popup, 3L)
Pinch Hitting: SHB Ken Gibson 0-0: Called Strike
0-1: Ball
1-1: Swinging Strike
1-2: Ball
2-2: Ball
3-2: Base on Balls
Pitching: RHP Dave Brooks
Pinch Hitting: RHB Edgardo Vásquez 0-0: Ball
1-0: Swinging Strike
1-1: SINGLE (Line Drive, 89S)
Vicente Rosales to third
Ken Gibson to second
Runner from 3rd tries for Home, SAFE, no throw
Pinch Hitting: RHB Dave Marshall 0-0: Called Strike
0-1: Fly out, F3 (Line Drive, 34)
Top of the 7th over - 1 run(s), 2 hit(s), 0 error(s), 2 left on base; Punta Cana 2 - Gilbert 2
BOTTOM OF THE 7TH
Gilbert Fire Fighters batting - Pitching for Punta Cana Hutias : RHP Nick Davis
Pitching: RHP Norberto Díaz
Now at 1B: Jerry Benjamin
Now at 3B: Warren Strathbogie
Now in LF: Ken Gibson
Batting: RHB Alfonso Santiago 0-0: SINGLE (Groundball, 56D)
Batting: RHB Robbie Hopps 0-0: Bunted foul
0-1: Reached on error, E1 (Groundball, 13S)
Alfonso Santiago to third
Batting: RHB Ramón Maldonado 0-0: Called Strike
0-1: Called Strike
0-2: Ball
1-2: Ball
2-2: Foul Ball, location: 2F
2-2: Ground out 4-3 (Groundball, 4)
Batting: RHB John Field 0-0: Called Strike
0-1: Called Strike
0-2: Ball
1-2: Ball
2-2: Ball
3-2: Ground out 4-3 (Groundball, 4S)
Batting: SHB José Salazar 0-0: Foul Ball, location: 2F
0-1: Ball
1-1: Ball
2-1: Ball
3-1: Swinging Strike
3-2: Base on Balls
Batting: RHB Bill Salinas 0-0: Ball
1-0: Fly out, F7 (Flyball, 7S)
Bottom of the 7th over - 0 run(s), 1 hit(s), 1 error(s), 3 left on base; Punta Cana 2 - Gilbert 2
TOP OF THE 8TH
Punta Cana Hutias batting - Pitching for Gilbert Fire Fighters : RHP Dave Brooks
Pinch Hitting: LHB Marvin MacGruder 0-0: Called Strike
0-1: Called Strike
0-2: Strikes out swinging
Batting: RHB Mike Martínez 0-0: Called Strike
0-1: Swinging Strike
0-2: Strikes out swinging
Pinch Hitting: LHB Luis García 0-0: Ball
1-0: Fly out, F9 (Flyball, 89M)
Top of the 8th over - 0 run(s), 0 hit(s), 0 error(s), 0 left on base; Punta Cana 2 - Gilbert 2
BOTTOM OF THE 8TH
Gilbert Fire Fighters batting - Pitching for Punta Cana Hutias : RHP Norberto Díaz
Now at SS: Corey Nichols
Now in CF: Marvin MacGruder
Batting: LHB Matt Moore 0-0: Fly out, F7 (Flyball, 78M)
Batting: RHB Iván Romero 0-0: Ball
1-0: Ground out 1-3 (Groundball, P)
Batting: RHB Jesús Acosta 0-0: Ground out 1-3 (Groundball, 15S)
Bottom of the 8th over - 0 run(s), 0 hit(s), 0 error(s), 0 left on base; Punta Cana 2 - Gilbert 2
TOP OF THE 9TH
Punta Cana Hutias batting - Pitching for Gilbert Fire Fighters : RHP Dave Brooks
Batting: RHB Vicente Rosales 0-0: Ball
1-0: Foul Ball, location: 2F
1-1: Foul Ball, location: 2F
1-2: Strikes out swinging
Batting: LHB Luis Martínez 0-0: Called Strike
0-1: Swinging Strike
0-2: Foul Ball, location: 2F
0-2: Ball
1-2: Ball
2-2: Ball
3-2: Base on Balls
Batting: RHB Marcus Pittman 0-0: SINGLE (Flyball, 8RS)
Luis Martínez to second
Batting: SHB Ken Gibson 0-0: Ball
Marcus Pittman steals 2nd base
Luis Martínez to third
1-0: Ball
2-0: Ball
3-0: Base on Balls
Batting: RHB Warren Strathbogie 0-0: Fly out, F9 (Flyball, 9LM)
Throwing error, E9
Luis Martínez scores
Marcus Pittman to third
Ken Gibson to second
Batting: LHB Jerry Benjamin 0-0: Swinging Strike
0-1: Ball
1-1: Ball
2-1: Ball
3-1: Base on Balls
Batting: LHB Marvin MacGruder 0-0: Called Strike
0-1: Ball
1-1: Foul Ball, location: 2F
1-2: Ball
2-2: Strikes out looking
Top of the 9th over - 1 run(s), 1 hit(s), 1 error(s), 3 left on base; Punta Cana 3 - Gilbert 2
BOTTOM OF THE 9TH
Gilbert Fire Fighters batting - Pitching for Punta Cana Hutias : RHP Norberto Díaz
Pitching: RHP Ángel Casillas
Batting: RHB Alfonso Santiago 0-0: Called Strike
0-1: Ball
1-1: Swinging Strike
1-2: Strikes out looking
Batting: RHB Robbie Hopps 0-0: Ball
1-0: Ball
2-0: Ground out 5-3 (Groundball, 56)
Batting: RHB Ramón Maldonado 0-0: Ball
1-0: Called Strike
1-1: Ball
2-1: Ball
3-1: Called Strike
3-2: TRIPLE (Flyball, 89D)
Batting: RHB John Field 0-0: Called Strike
0-1: Called Strike
0-2: Foul Ball, location: 2F
0-2: Ball
1-2: Strikes out swinging
Bottom of the 9th over - 0 run(s), 1 hit(s), 0 error(s), 1 left on base; Punta Cana 3 - Gilbert 2
Tuesday, August 8th, 2017 - OOTP Baseball 17.12 Build 75